 Dungeon Crawl Stone Soup version 0.21-a0-279-g6037ffb (webtiles) character file.

30 mike239x the Covered (level 3, -1/33 HPs)
             Began as a Minotaur Fighter on Sept 24, 2017.
             Slain by a sky beast (5 damage)
             ... on level 3 of the Dungeon.
             The game lasted 00:02:53 (1102 turns).

mike239x the Covered (Minotaur Fighter)             Turns: 1102, Time: 00:02:53

Health: -1/33      AC: 17    Str: 21    XL:     3   Next: 5%
Magic:  2/2        EV:  4    Int:  5    God:
Gold:   79         SH:  9    Dex:  9    Spells: 2/2 levels left

rFire    . . .     SeeInvis .   a - +0 war axe
rCold    . . .     Gourm    .   c - +0 shield
rNeg     . . .     Faith    .   u - +0 plate armour
rPois    .         Spirit   .   (helmet restricted)
rElec    .         Reflect  .   v - +0 cloak
rCorr    .         Harm     .   l - +0 pair of gloves
MR       .....                  i - +2 pair of boots
Stlth    ..........             (no amulet)
HPRegen  0.11/turn              (no ring)
MPRegen  0.08/turn              (no ring)

@: no status effects
A: retaliatory headbutt, horns 2
a: no special abilities


You were on level 3 of the Dungeon.
You were hungry.

You visited 1 branch of the dungeon, and saw 3 of its levels.

You collected 79 gold pieces.

Inventory:

Hand Weapons
 a - a +0 war axe (weapon)
Armour
 c - a +0 shield (worn)
 i - a +2 pair of boots (worn)
 l - a +0 pair of gloves (worn)
 u - a +0 plate armour (worn)
 v - a +0 cloak (worn)
Jewellery
 g - an uncursed amulet of regeneration {unknown}
 q - an uncursed amulet of magic regeneration {unknown}
Scrolls
 e - a scroll of magic mapping {unknown}
 k - a scroll of amnesia {unknown}
 m - a scroll of fear {unknown}
 n - a scroll of recharging {unknown}
 o - a scroll of remove curse {unknown}
 p - 4 scrolls of teleportation {unknown}
 r - a scroll of enchant armour {unknown}
 s - 2 scrolls of identify {unknown}
Potions
 b - a potion of flight {unknown}
 d - 2 potions of might
 j - a potion of haste {unknown}
Comestibles
 f - 2 bread rations
 h - 6 fruits
 t - a meat ration


   Skills:
 + Level 4.1 Fighting
 + Level 2.9 Axes
 + Level 4.1 Armour
 + Level 3.9 Shields


You had 2 spell levels left.
You didn't know any spells.

Dungeon Overview and Level Annotations

Branches:
Dungeon (3/15)

Altars:
Ashenzari


Innate Abilities, Weirdness & Mutations

You reflexively headbutt those who attack you in melee.
You have a pair of horns on your head.


Message History

* * * LOW HITPOINT WARNING * * *
A sky beast appears from thin air!
Reactivating autopickup.
The sky beast hits you but does no damage.
You closely miss the sky beast.
The sky beast is severely wounded.
The sky beast hits you but does no damage.
You hit the sky beast.
The sky beast is almost dead.
The sky beast hits you but does no damage.
You closely miss the sky beast. Your headbutt misses the sky beast.
The sky beast is almost dead.
You block the sky beast's attack.
The sky beast hits you but does no damage.
You hit the sky beast. Your headbutt misses the sky beast.
The sky beast is almost dead.
The sky beast hits you.
* * * LOW HITPOINT WARNING * * *
The sky beast shocks you.
You die...

.###.###########
......Y@(.(...<#
.#.###########.########
#......... #.....###
#.....##### #...<......
#.....##### #.....#
#...###


You could see a sky beast.

Vanquished Creatures
  7 bats
  2 giant cockroaches
  5 goblins
  2 hobgoblins (D:1)
  A frilled lizard (D:1)
  5 kobolds
  7 rats
29 creatures vanquished.

Notes
Turn   | Place    | Note
-------+----------+-------------------------------------------
     0 | D:1      | mike239x the Minotaur Fighter began the quest for the Orb.
     0 | D:1      | Reached XP level 1. HP: 19/19 MP: 0/0
   100 | D:1      | Reached XP level 2. HP: 27/27 MP: 1/1
   204 | D:1      | Found a shattered altar of Ashenzari.
   726 | D:2      | Reached XP level 3. HP: 33/33 MP: 2/2
  1080 | D:3      | Noticed a sky beast
  1102 | D:3      | Slain by a sky beast

Vault maps used:
D:1:      minmay_arrival_split_and_join, nicolae_ashenzari_panopticon
D:2:      lemuel_another_geyser
D:3:      uniq_crazy_yiuf_cottage

Skill      XL: |  1  2 |
---------------+-------+-----
Armour         | 4 |  4.1
Fighting       | 4 |  4.1
Axes           | |  2.9
Shields        | |  3.9

Action                   || total
-------------------------++-------
Melee: War axe           ||    82
       Headbutt          ||    16
Armor: Scale mail        ||    40
       Plate armour      ||    24
Dodge: Dodged            ||    20
Block: Shield            ||    42

Table legend:
 A = Spawn XP
 B = Non-spawn XP
 C = Spawn XP percentage of total XP
 D = Spawn monster count
 E = Non-spawn monster count
 F = Spawn count percentage of total count
 G = Total turns spent on level
                    A         B        C        D         E        F      G
               +---------+---------+-------+---------+---------+-------+---------
         Total |       0 |      44 |   0.0 |       0 |      29 |   0.0 |  1102
               +---------+---------+-------+---------+---------+-------+---------
           D:1 |       0 |      32 |   0.0 |       0 |      21 |   0.0 |   565
           D:2 |       0 |      10 |   0.0 |       0 |       7 |   0.0 |   500
           D:3 |       0 |       2 |   0.0 |       0 |       1 |   0.0 |    37
               +---------+---------+-------+---------+---------+-------+---------
